 Dungeon Crawl Stone Soup version 0.25-a0-667-gb977e01cb5 (webtiles) character file.

Game seed: 12239510059460708903, levelgen mode: deterministic

28 Esekla the Skirmisher (level 2, 11/22 HPs)
             Began as a Deep Dwarf Abyssal Knight on Mar 28, 2020.
             Was a Follower of Lugonu.
             Got out of the dungeon alive.
             The game lasted 00:05:25 (633 turns).

Esekla the Skirmisher (Deep Dwarf Abyssal Knight)    Turns: 633, Time: 00:05:25

Health: 11/22      AC:  3    Str: 15    XL:     2   Next: 96%
Magic:  3/3        EV: 11    Int: 12    God:    Lugonu [*.....]
Gold:   37         SH:  0    Dex: 12    Spells: 1/1 levels left

rFire    . . .     SeeInvis .   a - +1 spear
rCold    + . .     Gourm    .   (no shield)
rNeg     . . .     Faith    .   b - +0 leather armour
rPois    .         Spirit   .   (no helmet)
rElec    .         Reflect  .   (no cloak)
rCorr    .         Harm     .   (no gloves)
MR       .....                  (no boots)
Stlth    +.........             (no amulet)
HPRegen  0.00/turn              f - ring of protection from cold
MPRegen  0.08/turn              (no ring)

@: non-regenerating
A: damage resistance, heal wounds, [frail 2], sense surroundings 1, no
regeneration
a: Heal Wounds, Depart the Abyss, Renounce Religion


You escaped.
You worshipped Lugonu.
Lugonu was aware of your devotion.
You were not hungry.

You visited 1 branch of the dungeon, and saw 1 of its levels.
You visited the Abyss 1 time.

You collected 37 gold pieces.

Inventory:

Hand Weapons
 a - a +1 spear (weapon)
Armour
 b - a +0 leather armour (worn)
Jewellery
 f - a ring of protection from cold (left hand)
Scrolls
 d - a scroll of random uselessness {unknown}
 e - 2 scrolls of identify {unknown}
 h - a scroll of noise {unknown}
 k - a scroll of enchant armour {unknown}
 l - a scroll of teleportation {unknown}
Potions
 g - a potion of flight {unknown}
 i - a potion of ambrosia {unknown}
 j - a potion of haste {unknown}
Comestibles
 c - 2 rations


   Skills:
 * Level 3.4 Fighting
 + Level 2.2 Polearms
 + Level 2.3 Armour
 + Level 1.2 Dodging
 + Level 2.5 Invocations


You had one spell level left.
You didn't know any spells.
Your spell library was empty.

Dungeon Overview and Level Annotations

Branches:
Dungeon (1/15)

Altars:


Innate Abilities, Weirdness & Mutations

You are resistant to damage.
You can heal yourself by infusing magical energy.
You passively map a small area around you.
You do not regenerate.
[You are very frail. (-20% HP)]


Message History

You hit the giant cockroach but do no damage.
The giant cockroach bites you.
You hit the giant cockroach.
The giant cockroach is moderately wounded.
The giant cockroach barely misses you.
The giant cockroach bites you but does no damage.
You hit the giant cockroach.
The giant cockroach is severely wounded.
The giant cockroach bites you.
You barely miss the giant cockroach.
The giant cockroach is severely wounded.
The giant cockroach barely misses you.
You hit the giant cockroach.
You kill the giant cockroach!
Lugonu accepts your kill.
Things that are here:
a +0 club; a goblin skeleton
There is a staircase leading out of the dungeon here.
Are you sure you want to leave the Dungeon?
This will make you lose the game!
You have escaped!

### ##@##
#...### #.....##
##.....###
##.......##
##.........###
#)....รท......##
##..8##.......#
#...##8....#.#


There were no monsters in sight!

Vanquished Creatures
  2 dart slugs (D:1)
  5 bats (D:1)
  3 giant cockroaches (D:1)
  4 goblins (D:1)
  A hobgoblin (D:1)
  A ball python (D:1)
  3 frilled lizards (D:1)
  2 kobolds (D:1)
  3 rats (D:1)
24 creatures vanquished.

Notes
Turn   | Place    | Note
-------+----------+-------------------------------------------
     0 | Abyss:1  | Esekla the Deep Dwarf Abyssal Knight began the quest for
                  | the Orb.
     0 | Abyss:1  | Reached XP level 1. HP: 20/20 MP: 2/2
     5 | Abyss:1  | Noticed a quasit
    83 | Abyss:1  | Noticed a small abomination
   221 | Abyss:1  | Noticed a lich
   303 | Abyss:1  | Noticed a wretched star
   303 | Abyss:1  | Noticed an ancient zyme
   309 | D:1      | Escaped the Abyss
   401 | D:1      | Reached skill level 3 in Fighting
   429 | D:1      | Reached XP level 2. HP: 22/22 MP: 3/3
   460 | D:1      | Reached * piety under Lugonu
   633 | D:$      | Got out of the dungeon alive.

Levels and vault maps discovered:
D:1:      eino_arrival_cavern_d, layout_rooms, minmay_cut_off

Skill      XL: |  1  2 |
---------------+-------+-----
Fighting       | 3 |  3.4
Polearms       | 2 |  2.2
Armour         | |  2.3
Dodging        | |  1.2
Invocations    | |  2.5

Action                   || total
-------------------------++-------
Melee: Spear             ||    95
Invok: Depart the Abyss  ||     1
Armor: Leather armour    ||    29
Dodge: Dodged            ||    50

Table legend:
 A = Non-vault XP
 B = Vault XP
 C = Vault XP percentage of total XP
 D = Non-vault monster count
 E = Vault monster count
 F = Vault count percentage of total count
                 A         B        C        D         E       F
            +---------+---------+-------+---------+---------+-------
      Total |      39 |       1 |   2.5 |      23 |       1 |   4.2
            +---------+---------+-------+---------+---------+-------
        D:1 |      39 |       1 |   2.5 |      23 |       1 |   4.2
            +---------+---------+-------+---------+---------+-------
